Map: Rifts to Korhal

Players

sTkmonk

  • Race: Terran Terran
  • Spawn Location: 7:00

monk

  • Race: Protoss Protoss
  • Spawn Location: 7:00

VOD

Have the link to the VOD?

Description

Time

  • Played on: July 24, 2017, 4:30 a.m.
  • Length: 18:02
Show
View Real Time Build Order
Export as new Build Order

sTkmonk Terran 

Build Orders:  

Get SALT Encoding   

Show
View Real Time Build Order
Export as new Build Order

monk Protoss 

Build Orders:  

Get SALT Encoding   

  12  0:04  Probe (Chrono Boost)  
  13  0:16  Probe (Chrono Boost)  
  14  0:27  Probe (Chrono Boost)  
  15  0:39  Gateway  
  15  0:43  Probe (Chrono Boost)  
  16  0:54  Probe (Chrono Boost)  
  16  0:56  Assimilator  
  17  1:05  Probe (Chrono Boost)  
  17  1:09  Assimilator  
  18  1:16  Probe (Chrono Boost)  
  19  1:27  Probe (Chrono Boost)  
  20  1:38  Probe (Chrono Boost)  
  21  1:45  Zealot  
  21  1:49  Probe  
  24  2:05  Zealot, Probe (Chrono Boost)  
  27  2:21  Probe (Chrono Boost)  
  27  2:22  Cybernetics Core  
  28  2:33  Probe (Chrono Boost)  
  29  2:44  Probe (Chrono Boost)  
  30  2:55  Probe (Chrono Boost)  
  31  3:15  Nexus  
  31  3:16  Probe (Chrono Boost)  
  32  3:27  Probe (Chrono Boost)  
  33  3:33  Stargate  
  33  3:39  Probe (Chrono Boost)  
  35  3:50  Probe (Chrono Boost)  
  35  3:56  Pylon  
  35  4:01  Probe (Chrono Boost)  
  36  4:13  Probe (Chrono Boost)  
  36  4:19  Assimilator  
  37  4:24  Probe (Chrono Boost)  
  38  4:35  Probe (Chrono Boost)  
  38  4:39  Fleet Beacon  
  39  4:46  Probe (Chrono Boost)  
  40  4:57  Probe (Chrono Boost)  
  42  5:00  Probe (Chrono Boost)  
  42  5:08  Probe (Chrono Boost)  
  44  5:11  Probe (Chrono Boost)  
  44  5:12  Assimilator  
  44  5:19  Probe (Chrono Boost)  
  45  5:24  Probe (Chrono Boost)  
  47  5:30  Probe (Chrono Boost)  
  47  5:36  Probe (Chrono Boost)  
  48  5:42  Probe (Chrono Boost)  
  48  5:48  Probe (Chrono Boost)  
  50  5:53  Probe (Chrono Boost)  
  50  5:59  Disintegration, Probe (Chrono Boost)  
  52  6:02  Tempest  
  52  6:04  Probe (Chrono Boost)  
  52  6:09  Tempest  
  61  6:32  Tempest  
  61  6:36  Protoss Air Weapons Level 1 (Chrono Boost)  
  65  6:47  Twilight Council  
  65  7:01  Tempest  
  69  7:26  Stargate  
  69  7:32  Tempest  
  73  7:58  Whirlwind  
  73  8:13  Robotics Facility  
  73  8:41  Gateway  
  73  8:50  Zealot x3  
  79  9:10  Tempest  
  79  9:11  Protoss Air Weapons Level 2 (Chrono Boost)  
  83  9:21  Observer  
  84  9:42  Tempest  
  88  10:04  Tempest  
  92  10:20  Tempest  
  96  10:53  Zealot x4  
  96  10:54  Zealot x2  
  108  11:09  Gateway  
  108  11:16  Gateway  
  108  11:33  Tempest  
  108  11:34  Tempest  
  110  11:56  Pylon  
  94  12:24  Tempest  
  94  12:25  Tempest  
  94  12:26  Zealot x4  
  94  12:27  Zealot x3  
  94  12:28  Zealot  
  117  12:55  Tempest  
  117  12:56  Tempest  
  125  13:33  Forge  
  125  13:47  Protoss Air Weapons Level 3 (Chrono Boost)  
  125  14:28  Photon Cannon  
  125  14:31  Photon Cannon x2  
  125  14:33  Photon Cannon  
  125  14:34  Tempest x2, Photon Cannon  
  125  14:37  Photon Cannon  
  125  14:39  Photon Cannon  
  133  14:41  Photon Cannon  
  133  14:43  Photon Cannon  
  133  14:47  Photon Cannon  
  133  14:49  Photon Cannon  
  133  14:51  Photon Cannon  
  133  14:55  Tempest  
  137  15:27  Tempest  
  137  16:01  Tempest x2  
Tags
 
Add a new tag
Caveats
  • Supply blocks, unpowered buildings, or Contaminate may cause inaccurate times.
  • Supply counts are checked every 10 seconds.